Match 40826887
Unlisted

Match 40826887
End
Construct Infanterie Kompanie
Selects Terror Battlegroup
Kettenkrad Recon Vehicle
MG 42 Machine Gun Team
Selects Machine Gun Camouflage
Grenadier Squad
MG 42 Machine Gun Team
Infanterie Officer Quarters
Selects Interrogate
MG 42 Machine Gun Team
Construct Panzergrenadier Kompanie
Pioneer Squad
Medical Bunker
251 Medium Carrier
Panzergrenadier Squad
Pak 40 Anti-tank Gun Team
bigcheese
Oberst Vorschaft
sleepdealer
STALKER4732
SoyaLors
ezh
0
0

Comments sign in to comment!

No comments posted yet!